 Dungeon Crawl Stone Soup version 0.31-a0-1591-g515db51633 (webtiles) character file.

Game seed: 7467456055545399194

65 TheScarfBastard the Chopper (level 4, -1/35 HPs)
             Began as a Human Berserker on Jan 6, 2024.
             Was a Follower of Trog.
             Slain by Natasha (2 damage)
             ... on level 2 of the Dungeon.
             The game lasted 00:02:49 (1106 turns).

TheScarfBastard the Chopper (Human Berserker)       Turns: 1106, Time: 00:02:50

Health: -1/35      AC: 12    Str: 16 (19) XL:     4   Next: 14%
Magic:  4/4        EV:  5    Int:  7 (8)  God:    Trog [*.....]
Gold:   45         SH:  0    Dex: 10 (12) Spells: 3/3 levels left

rFire   . . .        a - +0 hand axe
rCold   . . .        (no shield)
rNeg    . . .        e - +0 plate armour
rPois   +            (no helmet)
rElec   .            (no cloak)
rCorr   .            (no gloves)
SInv    .            c - +0 pair of boots
Will    .....        (no amulet) Stlth
                     h - ring of poison resistance
HPRegen 0.25/turn    (no ring)
MPRegen 0.09/turn

%: no passive effects
@: on berserk cooldown, slowed, very slow
A: explore regen
a: Renounce Religion, Berserk


You were on level 2 of the Dungeon.
You worshipped Trog.
Trog was aware of your devotion.
You visited 1 branch of the dungeon, and saw 2 of its levels.

You collected 45 gold pieces.

Inventory:

Hand Weapons
 a - a +0 hand axe (weapon)
Armour
 b - a +0 animal skin
 c - a +0 pair of boots (worn)
 e - a +0 plate armour (worn)
Jewellery
 h - a ring of poison resistance (left hand)
Scrolls
 f - 2 scrolls of teleportation
 g - a scroll of identify {unknown}


   Skills:
 + Level 3.4 Fighting
 + Level 4.1 Axes
 + Level 2.2 Armour
 + Level 2.4 Dodging


You had 3 spell levels left.
You didn't know any spells.
Your spell library was empty.

Dungeon Overview and Level Annotations

Branches:
Dungeon (2/15)

Altars:

Shops:
D:2 =

Annotations:
D:2 Natasha


Innate Abilities, Weirdness & Mutations

You regain HP and MP as you explore.


Message History

Natasha is heavily wounded.
You hit the cerulean imp. Natasha claws you but does no damage.
The cerulean imp hits you with a +1 spear.
Natasha claws you.
The cerulean imp hits you but does no damage.
You barely miss Natasha.
Natasha is heavily wounded.
You hit the cerulean imp but do no damage.
Natasha claws you.
The cerulean imp hits you but does no damage.
You barely miss Natasha.
Natasha is heavily wounded.
You barely miss the cerulean imp. Natasha claws you.
The cerulean imp barely misses you.
The cerulean imp hits you but does no damage.
Natasha casts a spell at you. You resist with some effort.
Okay, then.
Okay, then.
It was a potion of degeneration.
There was something very wrong with that liquid.
You feel weakened.
You feel dopey.
You feel clumsy.
Natasha mumbles some strange words.
Natasha's front paws start to glow.
Natasha claws you but does no damage.
The cerulean imp hits you but does no damage.
You hit Natasha.
Natasha is severely wounded.
You closely miss the cerulean imp.
Natasha stares at you and mumbles some strange words.
The magic dart hits you.
* * * LOW HITPOINT WARNING * * *
The cerulean imp hits you with a +1 spear.
* * * LOW HITPOINT WARNING * * *
The cerulean imp hits you with a +1 spear.
* * * LOW HITPOINT WARNING * * *
Natasha mewls in sadness.
Natasha claws you.
You die...
Natasha begins licking her fur clean.

..###.∩##.#####.#
..###.###.....#..
.)....###...#.######
.....+.............
.....####.#♣♣.♣..# .....#
#.♣♣P.♣.)### ######
#♣♣♣P....).# ####
♣♣♣.♣♣..#.†...... ...#
##♣♣...♣♣.@#........
...####.....♣♣♣5h#........
...#....♣..♣♣♣...#..######
...'......###.####...
...#.....## #. .....
...#.....# .


PP... ...####### #. ...# # ...# You could see Natasha and a cerulean imp
(summoned).

Vanquished Creatures
  Natasha (D:2)
  An adder (D:2)
  2 endoplasms
  A giant cockroach (D:1)
  4 hobgoblins (D:1)
  6 kobolds
  2 quokkas
  A ball python (D:1)
  3 bats (D:1)
  3 frilled lizards
  5 goblins
  A rat (D:2)
30 creatures vanquished.

Notes
Turn   | Place    | Note
-------+----------+-------------------------------------------
     0 | D:1      | TheScarfBastard the Human Berserker began the quest for the
                  | Orb.
     0 | D:1      | Reached XP level 1. HP: 18/18 MP: 1/1
   161 | D:1      | Reached XP level 2. HP: 17/24 MP: 2/2
   833 | D:2      | Reached XP level 3. HP: 27/29 MP: 3/3
   895 | D:2      | Found Latterr's Jewellery Emporium.
  1054 | D:2      | Noticed Natasha
  1065 | D:2      | Killed Natasha
  1066 | D:2      | Reached skill level 4 in Axes
  1066 | D:2      | Reached XP level 4. HP: 34/35 MP: 4/4
  1093 | D:2      | Noticed Natasha
  1106 | D:2      | HP: 1/35 [cerulean imp/+1 spear[Natasha] (5)]
  1106 | D:2      | Slain by Natasha

Illustrated notes

Levels and vault maps discovered:
D:1:      pf_arrival_petrified_forest, layout_loops_corners
D:2:      layout_basic, serial_shops, nicolae_shop_just_a_little_nook,
          basic_altar, serial_forest, infiniplex_forest_clump_small,
          infiniplex_forest_clump_C, infiniplex_forest_diagonal,
          infiniplex_forest_lined_3, infiniplex_forest_fountain,
          infiniplex_forest_corner_2, infiniplex_forest_end_3,
          infiniplex_forest_lined_3, minmay_pentomino_u2, uniq_natasha

Skill      XL: |  1  2  3 |
---------------+----------+-----
Axes           | 4 |  4.1
Fighting       | |  3.4
Armour         | |  2.2
Dodging        | |  2.4

Action                     |  1- 3 |  4- 6 || total
---------------------------+-------+-------++-------
  Melee: Hand axe          |   109 |     8 ||   117
         Punch             |     1 |       ||     1
 Invoke: Berserk           |     2 |       ||     2
    Use: Scroll            |     3 |       ||     3
         Potion            |       |     1 ||     1
 Armour: Animal skin       |    32 |       ||    32
         Plate armour      |    47 |    28 ||    75
  Dodge: Dodged            |    53 |     8 ||    61

Table legend: (Time is in decaauts)
 A = Elapsed time spent in this place.
 B = Non-inter-level travel time spent in this place.
 C = Inter-level travel time spent in this place.
 D = Time resting spent in this place.
 E = Time spent auto-exploring this place.
 F = Levels seen in this place.
 G = Mean time per level.
                   A        B        C        D        E       F      G
               +--------+--------+--------+--------+--------+-----+--------+
         Total |   1152 |   1152 |      0 |      0 |    755 |   2 |  576.0 |
       Dungeon |   1152 |   1152 |      0 |      0 |    755 |   2 |  576.0 |
               +--------+--------+--------+--------+--------+-----+--------+

Top non-repeatable levels by time:
     D:1: 831 daAuts
     D:2: 321 daAuts
